cohdb
Replays
Latest Replays
All Replays
Popular Replays
Top Player Replays
Match Explorer
How It Works
Community
CoH3 Stats
Reddit
Sign in to upload your games and track your stats! →
Sign in with Steam
Match 30576624
Unlisted
Match 30576624
Overview
Messages
Build Orders
End
Selects Italian Infantry
Selects Italian Infantry
Panzergrenadier Squad
Kradschützen Motorcycle Team
Panzergrenadier Squad
Construct Light Support Kompanie
2.5-tonne Medical Truck
Panzergrenadier Squad
Fire Support Elements
Selects Guastatori Squad
Selects Guastatori Squad
Selects L6/40 Light Tank Combat Group
Selects Guastatori Squad
Guastatori Squad
Selects Registered Artillery
Registered Artillery
Construct Mechanized Kompanie
Registered Artillery
Selects Defensive Operations
Guastatori Squad
Veteran Squad Leaders
Registered Artillery
Construct Panzerarmee Kommand
ddos12
binari
matrix4x4
fhqls12345
braindamage
IvanSpartan02
jaws2005
PITHUAHUA
0
0
Comments
sign in to comment!
No comments posted yet!